 Dungeon Crawl Stone Soup version 0.18.1-50-g88ac8fd (webtiles) character file.

32307 magog001 the Peltast (level 13, 0/84 HPs)
             Began as a Gargoyle Fighter on Oct 15, 2018.
             Was an Elder of Nemelex Xobeh.
             Engulfed by a cloud of flame (11 damage)
             ... on level 13 of the Dungeon on Oct 18, 2018.
             The game lasted 01:15:59 (14474 turns).

magog001 the Peltast (Gargoyle Fighter)            Turns: 14474, Time: 01:15:59

Health: 0/84       AC: 25    Str: 33    XL:     13   Next: 63%
Magic:  11/11      EV: 11    Int:  8    God:    Nemelex Xobeh [****..]
Gold:   1529       SH: 18    Dex: 11    Spells: 0 memorised, 12 levels left

rFire  . . .     SeeInvis +     c - +3 morningstar
rCold  . . .     Gourm    .     x - +7 ring mail "Ocheamol" {*Drain +Blink rPois MR+}
rNeg   + . .     Faith    .     I - +4 shield of Evolution {*Corrode Dex+2 SInv}
rPois  ∞         Spirit   .     (no helmet)
rElec  +         Dismiss  .     V - +0 cloak
rCorr  .         Reflect  .     r - +0 pair of gloves
SustAt .         Harm     .     (no boots)
MR     +....     Rnd*Rage +     W - amulet of regeneration
Stlth  +.........               S - +2 ring of strength
                                p - +5 ring of strength

@: flying, drained, somewhat resistant to hostile enchantments, very unstealthy
A: big wings, berserk 1, blurry vision 1, low mp 1, negative energy resistance
1, electricity resistance, unbreathing, petrification resistance, rot immunity,
AC +9
a: Stop Flying, Triple Draw, Deal Four, Renounce Religion, Evoke Blink


You were on level 13 of the Dungeon.
You worshipped Nemelex Xobeh.
Nemelex Xobeh was greatly pleased with you.
You were not hungry.

You visited 2 branches of the dungeon, and saw 14 of its levels.
You also visited: Ossuary and Bailey.

You collected 1529 gold pieces.

Inventory:

Hand Weapons
 c - a +3 morningstar (weapon)
Missiles
 m - 26 tomahawks of returning (quivered)
Armour
 r - a +0 pair of gloves (worn)
 x - the +7 ring mail "Ocheamol" (worn) {*Drain +Blink rPois MR+}
   (You found it on level 11 of the Dungeon)

   It protects you from poison.
   It affects your resistance to hostile enchantments.
   It lets you blink.
   It causes draining when unequipped.
 I - the +4 shield of Evolution (worn) {*Corrode Dex+2 SInv}
   (You acquired it on level 11 of the Dungeon)

   It affects your dexterity (+2).
   It lets you see invisible.
   It may corrode you when you take damage.
 L - a +2 chain mail of cold resistance
 V - a +0 cloak (worn)
Jewellery
 p - a +5 ring of strength (left hand)
 w - an uncursed amulet of dismissal {unknown}
 S - a +2 ring of strength (right hand)
 W - an amulet of regeneration (around neck)
Wands
 g - a wand of iceblast (7/15)
 i - a wand of lightning (5/15)
 z - a wand of flame (21/48)
 C - a wand of paralysis (8/24)
 F - a wand of acid (15/15)
 Z - a wand of lightning (11/15)
Scrolls
 h - a scroll of enchant weapon {unknown}
 q - 7 scrolls of remove curse
 D - 3 scrolls of fear
 J - a scroll of holy word
 O - a scroll of recharging
 Q - 2 scrolls of teleportation
 R - a scroll of magic mapping
 U - 2 scrolls of amnesia
 X - 2 scrolls of blinking
Potions
 a - 2 potions of magic {unknown}
 b - 3 potions of ambrosia
 d - 2 potions of might
 j - a potion of lignification
 l - 2 potions of heal wounds
 s - 2 potions of brilliance
 t - 4 potions of curing
 u - a potion of beneficial mutation {unknown}
 v - 3 potions of invisibility
 y - a potion of cancellation {unknown}
 A - a potion of haste {unknown}
 B - a potion of resistance {unknown}
 E - a potion of flight {unknown}
 K - a potion of mutation {unknown}
 N - 3 potions of agility {unknown}
Miscellaneous
 e - a plain deck of war
 k - a legendary deck of war
 o - an ornate deck of war
 G - a lamp of fire
 H - a plain deck of war
 P - a legendary deck of destruction {drawn: 3}
 Y - a plain deck of escape
Comestibles
 f - 10 bread rations
 n - 7 meat rations
 M - 7 beef jerkies


   Skills:
 * Level 11.4(10.0) Fighting
 * Level 12.2(10.9) Maces & Flails
 * Level 9.9(8.6) Armour
 - Level 2.0(1.0) Dodging
 - Level 0.8(0.0) Stealth
 * Level 15.0(13.6) Shields


You had 12 spell levels left.
You didn't know any spells.

Dungeon Overview and Level Annotations

Branches:
Dungeon (13/15)            Temple (1/1) D:7            Lair (0/8) D:9
    Orc (0/2) D:11         Vaults (0/5) D:13

Altars:
Ashenzari
Cheibriados
Dithmenos
Fedhas
Gozag
Kikubaaqudgha
Makhleb
Nemelex Xobeh
Pakellas
Qazlal
Ru
Vehumet
Xom
Yredelemnul
Zin
The Shining One


Innate Abilities, Weirdness & Mutations

You are resistant to torment.
Your stone body is resilient (AC +9).
You are immune to poison.
You resist negative energy.
You are resistant to electric shocks.
You can survive without breathing.
You are immune to petrification.
You are immune to rotting.
Your large and strong wings let you fly indefinitely.
You tend to lose your temper in combat.
Scrolls take you a little longer to read.
Your magical capacity is low (-10% MP).


Message History

You start putting on your armour.
You continue putting on the +7 ring mail "Ocheamol" {*Drain +Blink rPois MR+}. x5
You finish putting on the +7 ring mail "Ocheamol" {*Drain +Blink rPois MR+}.
You see here 13 poisoned needles.
The scorpion stings you but does no damage.
The scorpion closely misses you.
You bludgeon the scorpion!!
You kill the scorpion!
You see here a scorpion corpse.
Really fly into a travel-excluded area?
You see here a hound corpse.
You are engulfed in roaring flames.
You are engulfed in roaring flames.
You are engulfed in roaring flames.
You are engulfed in roaring flames.
You are engulfed in roaring flames.
* * * LOW HITPOINT WARNING * * *
You are engulfed in roaring flames.
You die...
Your body glows with a rainbow of weird colours and disappears.

##.###.##.##
#.###.#..†...†
##.#.###./###...........##
#..## #........##......#
#.### ###################
#...# #.).§§§≈.. ###.#
#..≈§§§≈§. #.# #.§≈§§§≈§.
#.############.§§≈)≈≈≈§
#.#...@§§§§§†.≈§§.).≈§§
#.....§§§§§§..≈§§....≈≈
###...§§§§§§..≈≈≈)(.≈§≈
############≈≈≈≈.≈≈≈.
#..≈§§≈≈§≈ #...†§≈≈§.
#....§≈≈.. ##########
######


There were no monsters in sight!

Vanquished Creatures
  2 vault guards (D:13)
  A hydra (D:11)
  4 skeletal warriors
  4 unseen horrors
  An orc knight (D:11)
  3 hill giants
  3 wizards
  6 ugly things
  A cyclops (D:13)
  A manticore (D:13)
  The ghost of magog001 the Blocker, a novice GrFi (D:6)
  A molten gargoyle (D:13)
  A yaktaur (D:13)
  3 trolls
  A raiju (D:10)
  A vampire (D:13)
  4 basilisks (D:9)
  17 humans (D:13)
  27 yaks
  A hungry ghost (D:11)
  A wraith (D:8)
  3 wyverns
  A human (shapeshifter) (D:13)
  3 hippogriffs
  7 small abominations (D:11)
  5 large abominations (D:11)
  A soldier ant (D:13)
  A mottled dragon (D:13)
  2 water moccasins
  2 porcupines (D:9)
  An eye of draining (D:9)
  7 orc warriors
  4 sky beasts
  7 ice beasts
  6 necrophages
  2 phantoms
  5 ogres
  4 centaurs
  A crocodile (D:9)
  An elf zombie (D:8)
  2 big kobolds
  8 giant frogs
  A wyvern skeleton (D:11)
  2 scorpions
  7 howler monkeys
  13 killer bees
  3 wights (D:8)
  8 crimson imps
  3 centaur zombies
  A giant frog zombie (D:12)
  5 human zombies
  3 jellies
  4 orc priests
  8 hounds
  3 centaur skeletons
  3 giant frog skeletons
  4 iguanas
  Jessica (D:3)
  3 orc wizards
  13 worker ants
  14 sheep (D:9)
  An ogre zombie (D:8)
  A hound skeleton (D:6)
  3 mummies
  A worker ant zombie (D:5)
  A gnoll (Bailey)
  12 adders
  2 river rats (D:9)
  3 shadow imps
  3 oozes
  2 worm zombies (D:5)
  3 adder zombies (Ossuary)
  An adder skeleton (D:5)
  3 worms
  4 dart slugs (D:1)
  5 giant geckos
  43 orcs
  A giant cockroach (D:1)
  9 goblins
  8 hobgoblins
  13 jackals
  6 quokkas
  A ball python (D:2)
  3 bats
  5 giant newts
  2 goblin zombies (Ossuary)
  10 hobgoblin zombies (Ossuary)
  A jackal skeleton (D:6)
  A jackal zombie (D:5)
  28 kobolds
  13 kobold zombies (Ossuary)
  5 orc zombies
  8 rats
  2 rat zombies (Ossuary)
460 creatures vanquished.

Vanquished Creatures (collateral kills)
  An orc warrior (D:10)
  An orc priest (D:10)
  An orc (D:10)
3 creatures vanquished.

Vanquished Creatures (others)
  A troll (D:13)
  2 bushes (D:9)
  2 fungi (D:9)
  7 plants (D:9)
12 creatures vanquished.

Grand Total: 475 creatures vanquished

Notes
Turn   | Place    | Note
--------------------------------------------------------------
     0 | D:1      | magog001 the Gargoyle Fighter began the quest for the Orb.
     0 | D:1      | Reached XP level 1. HP: 14/14 MP: 1/1
   149 | D:1      | Reached XP level 2. HP: 15/19 MP: 2/2
   334 | D:1      | Reached XP level 3. HP: 23/23 MP: 3/3
   920 | D:2      | Reached skill level 4 in Shields
   920 | D:2      | Reached XP level 4. HP: 28/29 MP: 4/4
  1032 | D:2      | Reached skill level 1 in Dodging
  1281 | D:3      | Found a shattered altar of Ashenzari.
  1395 | D:3      | Found a basalt altar of Yredelemnul.
  1421 | D:3      | Found a glowing golden altar of the Shining One.
  1423 | D:3      | Found a shadowy altar of Dithmenos.
  1571 | D:3      | Noticed Jessica
  1594 | D:3      | Killed Jessica
  1594 | D:3      | Reached XP level 5. HP: 33/33 MP: 5/5
  1634 | D:3      | Found a stormy altar of Qazlal.
  1811 | D:3      | Found a blossoming altar of Fedhas.
  1815 | D:3      | Found a shimmering altar of Xom.
  2696 | D:4      | Reached XP level 6. HP: 17/38 MP: 6/6
  3191 | D:4      | Found a sacrificial altar of Ru.
  3269 | D:5      | Entered Level 5 of the Dungeon
  3346 | D:5      | Noticed a water moccasin
  3361 | D:5      | Killed a water moccasin
  3361 | D:5      | Reached skill level 5 in Shields
  3569 | D:5      | Reached XP level 7. HP: 37/44 MP: 7/7
  3593 | D:5      | Found a sand-covered staircase.
  3613 | Ossuary  | Entered an ossuary
  3984 | D:5      | Reached skill level 6 in Shields
  3988 | D:5      | Gained mutation: Scrolls take you a little longer to read. [mutagenic meat]
  3989 | D:5      | Gained mutation: You tend to lose your temper in combat. [mutagenic meat]
  3990 | D:5      | Gained mutation: Your magical capacity is low (-10% MP). [mutagenic meat]
  3991 | D:5      | Gained mutation: Your large and strong wings let you fly indefinitely. [mutagenic meat]
  4572 | D:6      | Reached XP level 8. HP: 47/48 MP: 7/7
  4575 | D:6      | Reached skill level 5 in Maces & Flails
  4633 | D:6      | Reached skill level 5 in Fighting
  4633 | D:6      | Reached skill level 5 in Armour
  4875 | D:6      | Noticed magog001's ghost (novice GrFi)
  4912 | D:6      | Killed magog001's ghost
  4912 | D:6      | Reached skill level 7 in Shields
  5145 | D:6      | Reached XP level 9. HP: 13/55 MP: 8/8
  5482 | D:6      | Killed an unseen horror
  5482 | D:6      | Reached skill level 8 in Shields
  5815 | D:7      | Found a staircase to the Ecumenical Temple.
  5826 | Temple   | Entered the Ecumenical Temple
  5839 | Temple   | Became a worshipper of Nemelex Xobeh the Trickster
  6110 | D:7      | Received a gift from Nemelex Xobeh
  6754 | D:8      | Reached skill level 9 in Shields
  6861 | D:8      | Reached * piety under Nemelex Xobeh
  6898 | D:8      | Found a basalt altar of Yredelemnul.
  6920 | D:8      | Reached XP level 10. HP: 61/63 MP: 9/9
  7589 | D:9      | Reached skill level 10 in Shields
  7727 | D:9      | Found a staircase to the Lair.
  7779 | D:9      | Found a sparkling altar of Nemelex Xobeh.
  7973 | D:9      | Found a flagged portal.
  7992 | Bailey   | Entered a bailey
  8209 | Bailey   | Found a bloodstained altar of Trog.
  8418 | D:9      | Reached ** piety under Nemelex Xobeh
  8820 | D:9      | Received a gift from Nemelex Xobeh
  8878 | D:9      | Reached skill level 11 in Shields
  8878 | D:9      | Reached XP level 11. HP: 69/69 MP: 0/9
  9033 | D:10     | Entered Level 10 of the Dungeon
  9190 | D:10     | Noticed a hill giant
  9215 | D:10     | Killed a hill giant
 10173 | D:11     | Noticed a hill giant
 10183 | D:11     | Killed a hill giant
 10183 | D:11     | Reached skill level 12 in Shields
 10296 | D:11     | Received a gift from Nemelex Xobeh
 10309 | D:11     | Identified a scroll of acquirement
 10309 | D:11     | Got a distressingly furry shield
 10320 | D:11     | Identified the +4 shield of Evolution {*Corrode Dex+2 SInv} (You acquired it on level 11 of the Dungeon)
 10328 | D:11     | Noticed an orc knight
 10371 | D:11     | Killed an orc knight
 10447 | D:11     | Found a staircase to the Orcish Mines.
 10566 | D:11     | Noticed a wizard
 10573 | D:11     | Killed a wizard
 10705 | D:11     | Noticed a red ugly thing
 10731 | D:11     | Killed a red ugly thing
 10766 | D:11     | Reached *** piety under Nemelex Xobeh
 10880 | D:11     | Reached skill level 10 in Maces & Flails
 10880 | D:11     | Reached XP level 12. HP: 38/77 MP: 10/10
 10925 | D:11     | Reached skill level 13 in Shields
 11049 | D:11     | Got a dazzling ring mail
 11055 | D:11     | Identified the +7 ring mail "Ocheamol" {*Drain +Blink rPois MR+} (You found it on level 11 of the Dungeon)
 11240 | D:11     | Noticed a four-headed hydra
 11265 | D:11     | Killed a four-headed hydra
 11541 | D:11     | Received a gift from Nemelex Xobeh
 11575 | D:11     | Reached skill level 10 in Fighting
 12495 | D:12     | Reached skill level 14 in Shields
 12514 | D:12     | Received a gift from Nemelex Xobeh
 12856 | D:12     | Reached **** piety under Nemelex Xobeh
 13098 | D:13     | Reached XP level 13. HP: 73/84 MP: 11/11
 13460 | D:13     | Found a gate to the Vaults.
 13460 | D:13     | Noticed a vault guard
 13460 | D:13     | Noticed a vault guard
 13489 | D:13     | Killed a vault guard
 13513 | D:13     | Killed a vault guard
 14080 | D:13     | Reached skill level 15 in Shields
 14138 | D:13     | Received a gift from Nemelex Xobeh
 14474 | D:13     | Engulfed by a cloud of flame

Skill      XL: |  1  2  3  4  5  6  7  8  9 10 11 12 13 |
---------------+----------------------------------------+-----
Shields        | 4 5 6 7 9 11 12 14 15 | 15.0
Dodging        | 1 2 |  2.0
Armour         | 4 5 7 8 9 |  9.9
Fighting       | 4 6 7 8 9 10 11 | 11.4
Maces & Flails | 3 4 6 7 8 10 11 12 | 12.2
Stealth        | |  0.8

Action                   |  1- 3 |  4- 6 |  7- 9 | 10-12 | 13-15 || total
-------------------------+-------+-------+-------+-------+-------++-------
Melee: Flail             |   115 |   101 |    19 |  1129 |       ||  1364
       Mace              |       |    90 |   411 |       |       ||   501
       Morningstar       |       |       |       |    33 |   310 ||   343
 Fire: Hunting sling     |       |       |       |     2 |       ||     2
Throw: Tomahawk          |       |       |       |     3 |       ||     3
 Abil: Fly               |       |       |     1 |       |       ||     1
Evoke: Wand              |       |       |     1 |     4 |       ||     5
       Deck              |       |       |       |     3 |       ||     3
       Lamp of fire      |       |       |       |     1 |       ||     1
  Use: Scroll            |       |     5 |     6 |     7 |     1 ||    19
       Potion            |       |     1 |     2 |    12 |       ||    15
  Eat: Chunk             |       |     7 |     8 |    12 |     1 ||    28
       Beef jerky        |       |     1 |       |       |       ||     1
       Fruit             |       |       |     4 |     7 |       ||    11
       Meat ration       |       |       |     1 |       |     1 ||     2
       Pizza             |       |       |     1 |       |       ||     1
       Bread ration      |       |       |       |     3 |       ||     3
       Royal jelly       |       |       |       |     2 |       ||     2
Armor: Scale mail        |    79 |       |       |       |       ||    79
       Chain mail        |       |    90 |     1 |       |       ||    91
       Plate armour      |       |       |   319 |   419 |       ||   738
       Skin              |       |       |       |    13 |       ||    13
       Ring mail         |       |       |       |   113 |    49 ||   162
Dodge: Dodged            |    52 |    52 |    94 |   307 |    53 ||   558
Block: Shield            |    72 |    88 |   240 |   945 |   177 ||  1522
